 Dungeon Crawl Stone Soup version 0.22-a0-467-g5c5de1cb09 (webtiles) character file.

362185 Solaire439 the Warrior (level 21, -1/202 HPs)
             Began as a Minotaur Berserker on June 9, 2018.
             Was a High Priest of Trog.
             Slain by a deep elf blademaster
             ... wielding a +0 short sword
              (8 damage)
             ... on level 3 of the Elven Halls on June 10, 2018.
             The game lasted 03:47:19 (54077 turns).

Solaire439 the Warrior (Minotaur Berserker)        Turns: 54077, Time: 03:47:19

Health: -1/202     AC: 30    Str: 29    XL:     21   Next: 51%
Magic:  39/39      EV: 17    Int:  4    God:    Trog [*****.]
Gold:   1844       SH:  0    Dex: 11    Spells: 20/20 levels left

rFire    + + .     SeeInvis +   O - +5 battleaxe (elec)
rCold    + + .     Gourm    .   (shield currently unavailable)
rNeg     . . .     Faith    .   F - +9 plate armour {rF+}
rPois    .         Spirit   .   (helmet restricted)
rElec    .         Reflect  .   y - scarf {rC+ rF+}
rCorr    .         Harm     .   C - +1 pair of gloves of Boredom {+Fly MR++ MP+9 Int-2}
MR       +++..                  (no boots)
Stlth    ..........             U - amulet of the acrobat
HPRegen  0.43/turn              j - ring of see invisible
MPRegen  0.26/turn              D - ring of protection from cold

@: very slightly contaminated, hasted, drained, invisible, very quick
A: retaliatory headbutt, horns 2
}: 2/15 runes: decaying, serpentine
a: Berserk, Trog's Hand, Brothers in Arms, Renounce Religion, Evoke Flight


You were on level 3 of the Elven Halls.
You worshipped Trog.
Trog was extremely pleased with you.
You were very hungry.

You visited 7 branches of the dungeon, and saw 38 of its levels.
You visited the Abyss 1 time.
You visited 2 bazaars.
You also visited: Ice Cave.

You collected 3649 gold pieces.
You spent 1805 gold pieces at shops.

Inventory:

Hand Weapons
 O - a +5 battleaxe of electrocution (weapon)
 Q - a +1 executioner's axe of pain
 R - a +3 battleaxe of freezing
 T - a +2 war axe of flaming
 W - a +4 antimagic great mace
Missiles
 u - 41 tomahawks (quivered)
Armour
 y - a scarf of resistance (worn)
 C - the +1 pair of gloves of Boredom (worn) {+Fly MR++ MP+9 Int-2}
   (You found it on level 7 of the Dungeon)

   It affects your intelligence (-2).
   It affects your resistance to hostile enchantments.
   It affects your magic capacity (+9).
   It lets you fly.
 E - a scarf of cloud immunity
 F - a +9 plate armour of fire resistance (worn)
 I - a +6 plate armour of cold resistance
 M - the -4 cloak of Ydoivom {rElec rPois Str-5 Int+7}
   (You acquired it on level 2 of the Lair of Beasts)

   It affects your strength (-5).
   It affects your intelligence (+7).
   It insulates you from electricity.
   It protects you from poison.
Jewellery
 j - a ring of see invisible (left hand)
 p - an uncursed ring of resist corrosion
 v - an uncursed ring of flight
 D - a ring of protection from cold (right hand)
 N - the ring of Qatrei {rPois SInv, unknown}
   (You took it off a deep elf archer on level 1 of the Elven Halls)

   [ring of poison resistance]

   It protects you from poison.
   It lets you see invisible.
 U - an amulet of the acrobat (around neck)
Wands
 a - a wand of disintegration (39)
 n - a wand of acid (72)
 o - a wand of scattershot (6)
 r - a wand of digging (21)
 B - a wand of enslavement (9)
 G - a wand of polymorph (43)
 V - a wand of paralysis (11)
Scrolls
 b - 5 scrolls of fog
 e - 12 scrolls of remove curse
 g - 6 scrolls of teleportation
 h - 2 scrolls of enchant weapon
 i - a scroll of brand weapon {unknown}
 m - 2 scrolls of blinking
 t - a scroll of fear
 w - 5 scrolls of random uselessness {unknown}
 H - 29 scrolls of identify
 K - 4 scrolls of magic mapping
Potions
 l - 3 potions of cancellation
 q - 4 potions of haste
 s - 14 potions of curing
 x - 6 potions of brilliance
 z - 3 potions of flight
 A - 2 potions of invisibility
 J - 3 potions of agility
 L - 7 potions of might
 P - 2 potions of resistance
 S - a potion of ambrosia
 X - 3 potions of magic
Miscellaneous
 d - a lamp of fire
 f - a lightning rod (4/4)
Comestibles
 c - 51 rations
 k - 10 chunks of flesh


   Skills:
 + Level 20.6(19.2) Fighting
 - Level 19.9(18.6) Axes
 - Level 3.4(12.6) Maces & Flails
 - Level 20.0(18.6) Armour
 - Level 20.0(18.6) Dodging
 + Level 4.9(4.0) Stealth
 + Level 14.2(12.9) Evocations


You had 20 spell levels left.
You didn't know any spells.
Your spell library was empty.

Dungeon Overview and Level Annotations

Branches:
Dungeon (15/15)            Temple (0/1) D:5            Lair (6/6) D:10
  Swamp (4/4) Lair:3        Snake (4/4) Lair:2        Slime (0/5) Lair:5
    Orc (2/2) D:10            Elf (3/3) Orc:2        Vaults (4/5) D:13
  Crypt (0/3) Vaults:2     Depths (0/5) D:15

Altars:
Ashenzari
Fedhas
Kikubaaqudgha
Nemelex Xobeh
Trog
Uskayaw
Wu Jian
Yredelemnul

Shops:
D:15 *   Orc:2 **[?}   Snake:2 [[}}   Vaults:1 [?

Portals:
Pandemonium: Orc:2

Annotations:
Lair:1 exclusion: oklob plant
Snake:4 dricus's ghost, adept MfSk


Innate Abilities, Weirdness & Mutations

You reflexively headbutt those who attack you in melee.
You have a pair of horns on your head.


Message History

Some of the chunks of flesh in your inventory have rotted away.
The deep elf blademaster hits you with a short sword!
* * * LOW HITPOINT WARNING * * *
The deep elf blademaster hits you but does no damage.
The deep elf blademaster misses you.
The deep elf blademaster completely misses you.
The deep elf blademaster completely misses you.
You furiously retaliate!
You headbutt the deep elf blademaster, but do no damage.
The deep elf blademaster hits you with a short sword!
* * * LOW HITPOINT WARNING * * *
You feel yourself speed up.
The deep elf blademaster completely misses you.
The deep elf blademaster hits you but does no damage.
The deep elf blademaster barely misses you. x2
There is a stone staircase leading up here.
The deep elf blademaster hits you with a short sword!
* * * LOW HITPOINT WARNING * * *
The deep elf blademaster hits you with a short sword!
You die...

...............###.# ###.###
.........#.#######.########.....#
.........#.####........[........#
.........#.##......########.....#
.........#.##......# ###.###
...####....#.).....# ### ####
#....))))....# #.####.......#
##### #.# ##..e@.## ....#
#.#####.....# .##.###.........###
.##......######## .######.##
#######.# ........# #########


You could see a deep elf blademaster.

Vanquished Creatures
  Bai Suzhen (Swamp:4)
  Margery (Vaults:4)
  Xtahua (Vaults:3)
  Jory (Vaults:4)
  Jorgrun (Swamp:4)
  The ghost of KristianNielsen the Minotaur Blade, an adept MiFi of Okawaru (Snake:4)
  A deep elf blademaster (Elf:2)
  A deep elf master archer (Elf:2)
  2 sphinxes (Vaults:4)
  Kirke (Snake:2)
  11 nagarajas
  2 thorn hunters
  2 shadow dragons
  2 deep elf sorcerers (Elf:3)
  2 fire giants
  2 vault wardens
  An orc warlord (Orc:2)
  A frost giant (Vaults:4)
  Aizul (Snake:2)
  2 deep elf elementalists (Elf:3)
  2 entropy weavers
  3 stone giants
  11 ironheart preservers
  2 deep elf annihilators
  3 deep elf demonologists
  Azrael (Elf:1)
  2 deep elf death magi
  2 crystal guardians
  An eidolon (Abyss:3)
  Josephine (Lair:4)
  10 yaktaur captains
  3 fire dragons
  The ghost of Shaidar the Cleaver, a journeyman MiBe of Trog (D:12)
  4 deep elf high priests
  18 hydras
  2 vault guards (D:13)
  2 great orbs of eyes (Vaults:1)
  5 naga warriors
  3 ice dragons
  A ghost crab (Swamp:3)
  A catoblepas (Lair:4)
  8 anacondas
  A death knight (Vaults:4)
  7 centaur warriors
  33 two-headed ogres
  18 dancing weapons
  14 ogre magi
  A deep troll shaman (Vaults:4)
  12 alligators
  2 death yaks (Lair:4)
  13 naga sharpshooters
  3 tengu warriors
  7 shock serpents
  A sun demon (Orc:2)
  3 orc high priests (Orc:2)
  A soul eater (Abyss:3)
  Nergalle (Lair:3)
  17 deep elf knights
  4 hell knights (Vaults:4)
  Sonja (D:15)
  A wretched star (Abyss:3)
  6 salamander mystics
  The ghost of MirrMurr the Nimble, a novice SpBe of Trog (D:9)
  2 sixfirhies (Orc:2)
  A death drake (shapeshifter) (D:15)
  3 spriggan druids
  A deep troll (shapeshifter) (D:15)
  A skeletal warrior (D:8)
  10 swamp dragons
  9 deep trolls
  3 unseen horrors
  7 deep elf archers
  A shambling mangrove (Swamp:2)
  3 gelid demonspawn (Orc:2)
  A flayed ghost (Vaults:3)
  11 naga ritualists
  4 wizards
  2 phantasmal warriors (Vaults:4)
  A harpy (shapeshifter) (D:15)
  3 lindwurms (Swamp:4)
  9 ironbrand convokers
  7 necromancers
  9 orc knights
  A wolf spider zombie (D:15)
  A human zombie (Vaults:1)
  43 deep elf magi
  8 mana vipers
  7 orc sorcerers
  5 wolf spiders
  8 cyclopes
  3 manticores
  36 ugly things
  14 elephants
  8 salamanders
  A rust devil (Orc:2)
  27 black mambas
  A stone giant zombie (Vaults:1)
  7 vault sentinels
  A black mamba (shapeshifter) (Vaults:4)
  6 guardian serpents
  A spiny frog (shapeshifter) (Vaults:4)
  17 naga magi
  14 spiny frogs
  2 gargoyles
  A torpor snail (Lair:4)
  An orange demon (Abyss:3)
  3 centaur skeletons
  A yaktaur zombie (Vaults:1)
  36 yaktaurs
  5 freezing wraiths
  2 rime drakes (Lair:1)
  2 yaktaurs (shapeshifter)
  An efreet (D:13)
  An ice devil (Orc:2)
  A komodo dragon (shapeshifter) (D:15)
  10 komodo dragons
  3 meliai (D:15)
  A tengu conjurer (D:13)
  The ghost of NoiZ the Conjurer, a novice DECj of Sif Muna (D:6)
  11 trolls
  26 polar bears
  20 hornets
  10 tyrant leeches
  A wind drake (shapeshifter) (Vaults:3)
  6 small abominations (Abyss:3)
  5 blink frogs (Lair:2)
  25 slime creatures
  A fire giant simulacrum (Vaults:2)
  A snapping turtle (shapeshifter) (Vaults:1)
  Grinder (D:3)
  5 bog bodies
  2 dream sheep (Lair:6)
  A meliai zombie (D:14)
  7 hippogriffs
  A human simulacrum (Vaults:3)
  A centaur simulacrum (D:14)
  26 spriggans
  An air elemental (Elf:1)
  4 redbacks
  A vampire (D:12)
  2 shadows
  8 wraiths
  Sigmund (D:2)
  A ynoxinul (Orc:2)
  5 wyverns
  5 fire elementals (Elf:1)
  3 tarantellas (shapeshifter)
  2 water elementals
  A yak (shapeshifter) (D:15)
  18 humans
  A human (shapeshifter) (D:15)
  6 basilisks
  11 hogs
  39 yaks
  A steam dragon (D:8)
  2 chaos spawn (Abyss:3)
  A hungry ghost (D:8)
  Menkaure (D:6)
  5 large abominations (Abyss:3)
  11 vampire mosquitoes
  3 insubstantial wisps (Swamp:4)
  2 wargs
  A soldier ant (D:14)
  45 nagas
  An acid dragon (Vaults:2)
  A swamp worm (shapeshifter) (Vaults:1)
  18 swamp worms
  4 hell hounds (Elf:1)
  10 water moccasins
  15 porcupines
  9 swamp drakes
  A black bear (Lair:3)
  40 orc warriors
  3 sky beasts
  4 ice beasts
  An eye of draining (D:12)
  A phantom (D:6)
  35 wolves
  An eye of draining (shapeshifter) (Vaults:3)
  41 ogres
  7 boggarts
  14 centaurs
  8 crocodiles
  A big kobold (D:10)
  The ghost of Oravi the Gusty, an amateur TeAE (D:3)
  2 earth elementals (Elf:1)
  16 bullfrogs
  A wyvern zombie (D:12)
  A human skeleton (Vaults:1)
  A bullfrog (shapeshifter) (Vaults:1)
  4 scorpions
  11 killer bees
  4 howler monkeys
  24 wights
  5 crimson imps
  9 hounds
  A quasit (D:9)
  2 starcursed masses (Abyss:3)
  5 jellies
  A bullfrog zombie (D:13)
  27 orc wizards
  Crazy Yiuf (D:2)
  24 orc priests
  2 bullfrog skeletons
  2 gnoll shamans
  11 worker ants
  5 iguanas
  Natasha (thrice) (D:2)
  5 yak simulacra (Lair:6)
  2 polar bear simulacra (Lair:6)
  3 wolf simulacra (Lair:6)
  4 gnolls (D:7)
  An adder (shapeshifter) (Vaults:1)
  9 adders
  3 shadow imps
  An ufetubus (Abyss:3)
  2 oozes
  An adder zombie (D:5)
  An adder skeleton (D:5)
  6 worms
  4 dart slugs
  5 leopard geckos
  105 orcs
  6 giant cockroaches
  5 goblins
  7 hobgoblins
  10 kobolds
  9 quokkas
  3 ball pythons
  7 bats
  9 frilled lizards
  A quokka zombie (D:5)
  5 rats
  A river rat simulacrum (Lair:6)
  A briar patch (Swamp:1)
  3 crawling corpses
  A fungus (Lair:4)
  A plant (Lair:2)
1568 creatures vanquished.

Vanquished Creatures (collateral kills)
  Mara (Elf:3)
  Vashnia (Snake:2)
  A profane servitor (Abyss:3)
  Rupert (Lair:3)
  A thorn hunter (Swamp:4)
  A tentacled starspawn (Abyss:3)
  2 nagarajas
  A frost giant (IceCv)
  An orc warlord (Orc:1)
  A stone giant (Orc:1)
  A deep elf annihilator (Elf:3)
  An ettin (Orc:1)
  An anaconda (Snake:4)
  2 two-headed ogres
  An alligator (Swamp:3)
  2 naga sharpshooters
  A shock serpent (Snake:4)
  3 orc high priests (Orc:2)
  A deep elf knight (Elf:3)
  A deep elf archer (Elf:3)
  A swamp dragon (Swamp:4)
  An orc knight (Orc:2)
  3 deep elf magi
  A cyclops (D:8)
  2 worldbinders (Abyss:3)
  2 naga magi
  2 hornets (Swamp:2)
  2 raiju (Abyss:3)
  A large abomination (Abyss:3)
  2 spriggans (Swamp:2)
  A wraith (D:10)
  2 chaos spawn
  3 yaks
  A warg (Orc:2)
  3 nagas
  10 orc warriors
  2 wolves (IceCv)
  4 ogres
  3 small abominations (Abyss:3)
  A wight (D:15)
  3 orc wizards
  6 orc priests
  16 orcs
  A quokka (D:10)
  A starspawn tentacle (Abyss:3)
99 creatures vanquished.

Vanquished Creatures (others)
  A rakshasa (Abyss:3)
  A hydra (Swamp:4)
  A spriggan druid (Swamp:4)
  4 deep elf magi
  A yaktaur (Vaults:4)
  A tyrant leech (Swamp:3)
  A chaos spawn (Abyss:3)
  A swamp worm (Swamp:4)
  An orc warrior (Elf:1)
  An orc wizard (Elf:1)
  An orc (Elf:1)
  6 briar patches
  6 fungi
  A lurking horror (Abyss:3)
  5 plants (Lair:6)
  14 starspawn tentacles (Abyss:3)
46 creatures vanquished.

Grand Total: 1713 creatures vanquished

Notes
Turn   | Place    | Note
-------+----------+-------------------------------------------
     0 | D:1      | Solaire439 the Minotaur Berserker began the quest for the Orb.
     0 | D:1      | Reached XP level 1. HP: 19/19 MP: 0/0
   417 | D:1      | Reached XP level 2. HP: 23/27 MP: 1/1
   954 | D:3      | Reached XP level 3. HP: 30/33 MP: 2/2
  1265 | D:2      | Found a runed door.
  1288 | D:2      | Reached ** piety under Trog
  1425 | D:2      | Noticed Crazy Yiuf
  1431 | D:2      | Killed Crazy Yiuf
  1431 | D:2      | Reached XP level 4. HP: 38/40 MP: 3/3
  1481 | D:2      | Noticed Natasha
  1488 | D:2      | Killed Natasha
  1488 | D:2      | Reached skill level 5 in Axes
  1510 | D:2      | Noticed Natasha
  1514 | D:2      | Killed Natasha
  1514 | D:2      | Reached XP level 5. HP: 19/47 MP: 4/4
  1782 | D:2      | Noticed Sigmund
  1796 | D:2      | Killed Sigmund
  1796 | D:2      | Reached XP level 6. HP: 55/55 MP: 5/5
  1827 | D:2      | Noticed Natasha
  1837 | D:2      | Killed Natasha
  1859 | D:2      | Reached skill level 5 in Fighting
  2226 | D:3      | Noticed Grinder
  2231 | D:3      | Paralysed by Grinder for 3 turns
  2257 | D:3      | Paralysed by Grinder for 3 turns
  2260 | D:3      | Killed Grinder
  2260 | D:3      | Reached XP level 7. HP: 28/61 MP: 6/6
  2442 | D:3      | Found a blossoming altar of Fedhas.
  2538 | D:3      | Noticed Oravi's ghost (amateur TeAE)
  2558 | D:3      | Killed Oravi's ghost
  2785 | D:3      | Reached *** piety under Trog
  3183 | D:4      | Reached skill level 5 in Armour
  4374 | D:5      | Entered Level 5 of the Dungeon
  4394 | D:5      | Reached skill level 1 in Maces & Flails
  4394 | D:5      | Reached skill level 5 in Dodging
  4403 | D:5      | Reached XP level 8. HP: 48/70 MP: 7/7
  4723 | D:5      | Reached **** piety under Trog
  4771 | D:5      | Found a staircase to the Ecumenical Temple.
  5279 | D:6      | Noticed NoiZ's ghost (novice DECj)
  5312 | D:6      | Noticed Menkaure
  5341 | D:6      | Killed Menkaure
  5454 | D:6      | Found a bloodstained altar of Trog.
  5731 | D:6      | Killed NoiZ's ghost
  5731 | D:6      | Reached XP level 9. HP: 70/79 MP: 8/8
  5940 | D:7      | Got a pair of brightly glowing gloves
  5946 | D:7      | Identified the +1 pair of gloves of Boredom {+Fly MR++ MP+9 Int-2} (You found it on level 7 of the Dungeon)
  6032 | D:7      | Reached skill level 10 in Axes
  6033 | D:7      | Received a gift from Trog
  7025 | D:8      | Noticed a two-headed ogre
  7036 | D:8      | Killed a two-headed ogre
  7036 | D:8      | Reached XP level 10. HP: 54/90 MP: 9/9
  7412 | D:8      | Reached ***** piety under Trog
  7414 | D:8      | Noticed a skeletal warrior
  7428 | D:8      | Killed a skeletal warrior
  7494 | D:8      | Noticed a cyclops
  7543 | D:8      | Killed a cyclops
  7779 | D:8      | Identified Further Steps in Spellcasting
  7797 | D:8      | Found a runed door.
  7888 | D:8      | Identified Ynwed's Collected Works on Orientation and Stones
  8361 | D:9      | Noticed MirrMurr's ghost (novice SpBe)
  8955 | D:10     | Entered Level 10 of the Dungeon
  9064 | D:9      | Killed MirrMurr's ghost
  9064 | D:9      | Reached XP level 11. HP: 91/99 MP: 10/10
  9234 | D:9      | Found a sparkling altar of Nemelex Xobeh.
  9237 | D:9      | Found a bloodstained altar of Trog.
  9238 | D:9      | Found an ancient bone altar of Kikubaaqudgha.
  9238 | D:9      | Found a shattered altar of Ashenzari.
  9238 | D:9      | Found an ornate altar of the Wu Jian Council.
  9240 | D:9      | Found a hide-covered altar of Uskayaw.
  9281 | D:10     | Received a gift from Trog
  9304 | D:10     | Reached skill level 10 in Fighting
  9306 | D:10     | Found a staircase to the Lair.
  9489 | D:10     | Found a staircase to the Orcish Mines.
  9631 | D:10     | Noticed a two-headed ogre
  9636 | D:10     | Killed a two-headed ogre
  9652 | D:10     | Reached skill level 10 in Armour
  9975 | Lair:1   | Entered Level 1 of the Lair of Beasts
 10118 | Lair:1   | Noticed a six-headed hydra
 10119 | Lair:1   | Found a bloodstained altar of Trog.
 10119 | Lair:1   | Noticed an oklob plant
 10203 | Lair:1   | Killed a six-headed hydra
 10232 | Lair:1   | Found a frozen archway.
 10238 | IceCv    | Entered an ice cave
 10246 | IceCv    | Reached XP level 12. HP: 79/110 MP: 11/11
 10299 | IceCv    | Reached skill level 10 in Dodging
 10629 | IceCv    | Noticed a frost giant
 10636 | IceCv    | Killed a frost giant
 10793 | IceCv    | Reached skill level 15 in Axes
 11323 | Lair:2   | Identified a scroll of acquirement
 11324 | Lair:2   | Got a heavily runed cloak
 11335 | Lair:2   | Identified the -4 cloak of Ydoivom {rElec rPois Str-5 Int+7} (You acquired it on level 2 of the Lair of Beasts)
 11558 | Lair:2   | Found a staircase to the Snake Pit.
 11593 | Lair:2   | Noticed a five-headed hydra
 11604 | Lair:2   | Killed a five-headed hydra
 12047 | Lair:2   | Noticed a six-headed hydra
 12055 | Lair:2   | Killed a six-headed hydra
 12325 | Lair:3   | Received a gift from Trog
 12331 | Lair:3   | Got a crystal battleaxe {god gift}
 12333 | Lair:3   | Identified the +1 battleaxe "Etaow" {drain, Str+4} (Trog gifted it to you on level 3 of the Lair of Beasts)
 12398 | Lair:3   | Reached XP level 13. HP: 118/118 MP: 12/12
 12478 | Lair:3   | Noticed Rupert
 12490 | Lair:3   | Cast into level 3 of the Abyss (Rupert)
 12547 | Abyss:3  | Noticed a starcursed mass
 12579 | Abyss:3  | Killed a starcursed mass
 12775 | Abyss:3  | Noticed a tentacled starspawn
 12787 | Abyss:3  | Killed a tentacled starspawn
 12790 | Abyss:3  | Noticed a profane servitor
 12814 | Abyss:3  | Killed a profane servitor
 12824 | Abyss:3  | Noticed an eidolon
 12834 | Abyss:3  | Killed an eidolon
 12861 | Abyss:3  | Noticed a tentacled starspawn
 12867 | Abyss:3  | Noticed a tentacled starspawn
 12870 | Abyss:3  | Noticed an angel
 12928 | Abyss:3  | Noticed a lich
 12939 | Abyss:4  | Noticed a dire elephant
 12940 | Abyss:4  | Noticed a purple draconian shifter
 12947 | Lair:3   | Escaped the Abyss
 13089 | Lair:3   | Found a staircase to the Swamp.
 13371 | Lair:3   | Noticed Nergalle
 13388 | Lair:3   | Killed Nergalle
 13824 | Lair:4   | Noticed Josephine
 13838 | Lair:4   | Killed Josephine
 13839 | Lair:4   | Reached XP level 14. HP: 129/129 MP: 13/13
 14391 | Lair:6   | Entered Level 6 of the Lair of Beasts
 14755 | Lair:5   | Found a staircase to the Slime Pits.
 15057 | Lair:6   | Received a gift from Trog
 15799 | Lair:6   | Got a shimmering scale mail
 15817 | Lair:6   | Identified the cursed +0 scale mail "Dinkaph" {MR+} (You found it on level 6 of the Lair of Beasts)
 16129 | Orc:1    | Entered Level 1 of the Orcish Mines
 16205 | Orc:2    | Entered Level 2 of the Orcish Mines
 16227 | Orc:2    | Found Gaur's General Store.
 16408 | Orc:2    | Bought a potion of heal wounds for 75 gold pieces
 16456 | Orc:1    | Noticed a stone giant
 16489 | Orc:1    | Noticed an orc warlord
 16491 | Orc:1    | Killed a stone giant
 16761 | Orc:2    | Found Fiapn's General Store.
 16765 | Orc:2    | Found Utabac's Magic Scroll Shop.
 17152 | Orc:2    | Bought a potion of heal wounds for 85 gold pieces
 17220 | Orc:2    | Reached XP level 15. HP: 57/139 MP: 14/14
 17536 | Orc:2    | Found Jeinocod's Gadget Shoppe.
 17536 | Orc:2    | Found Tiommef's Antique Armour Emporium.
 17536 | Orc:2    | Found a one-way gate leading to the halls of Pandemonium.
 17546 | Orc:2    | Bought a wand of paralysis (5) for 91 gold pieces
 17633 | Orc:2    | Reached ****** piety under Trog
 17634 | Orc:2    | Found a staircase to the Elven Halls.
 17636 | Orc:2    | Noticed an orc warlord
 17770 | Orc:2    | Killed an orc warlord
 18439 | Orc:1    | Killed an orc warlord
 18588 | Orc:1    | Received a gift from Trog
 20185 | D:13     | Reached skill level 15 in Fighting
 20207 | D:13     | Found a gate to the Vaults.
 20391 | D:14     | Reached skill level 15 in Armour
 20634 | D:14     | Received a gift from Trog
 21164 | D:15     | Entered Level 15 of the Dungeon
 21456 | D:15     | Reached XP level 16. HP: 129/149 MP: 15/15
 21522 | D:15     | Found a staircase to the Depths.
 22026 | D:15     | Noticed Sonja
 22038 | D:15     | Killed Sonja
 22222 | D:15     | Received a gift from Trog
 22508 | D:15     | Found Wetahan's Assorted Antiques.
 22516 | D:15     | Bought a large glass ring for 180 gold pieces
 22516 | D:15     | Bought a transparent scale mail for 324 gold pieces
 22756 | D:12     | Noticed Shaidar's ghost (journeyman MiBe)
 22766 | D:12     | Killed Shaidar's ghost
 22907 | Swamp:1  | Entered Level 1 of the Swamp
 23030 | Swamp:1  | Noticed a thorn hunter
 23241 | Lair:3   | Killed Rupert
 23282 | Swamp:1  | Killed a thorn hunter
 23451 | Swamp:1  | Reached skill level 1 in Evocations
 24400 | Swamp:2  | Reached skill level 15 in Dodging
 24406 | Swamp:2  | Received a gift from Trog
 25412 | Swamp:2  | Noticed a thorn hunter
 25433 | Swamp:2  | Killed a thorn hunter
 25674 | Swamp:2  | Identified the +6 scale mail of the Turtledove {Regen+ Int-4 Dex+3} (You bought it in a shop on level 15 of the Dungeon)
 25715 | Swamp:2  | Upgraded the game from 0.22-a0-460-g49b1da7e92 to 0.22-a0-467-g5c5de1cb09
 27298 | Swamp:4  | Entered Level 4 of the Swamp
 27704 | Swamp:4  | Noticed Jorgrun
 27725 | Swamp:4  | Killed Jorgrun
 28007 | Swamp:4  | Noticed Bai Suzhen
 28041 | Swamp:4  | Killed Bai Suzhen
 28041 | Swamp:4  | Reached XP level 17. HP: 93/160 MP: 19/19
 28444 | Swamp:4  | Reached skill level 5 in Evocations
 29448 | Swamp:4  | Got a decaying rune of Zot
 30061 | Snake:1  | Entered Level 1 of the Snake Pit
 31521 | Snake:2  | Found Xoal Asoiz's Antique Armour Shoppe.
 31536 | Snake:2  | Found Hiph's Gadget Emporium.
 31536 | Snake:2  | Found Unealamp's Armour Shoppe.
 31541 | Snake:2  | Found Ejellipt's Gadget Emporium.
 31562 | Snake:2  | Bought a scarf of resistance for 320 gold pieces
 31568 | Snake:2  | Noticed Vashnia
 31593 | Snake:2  | Killed Vashnia
 32070 | Snake:2  | Noticed Kirke
 32077 | Snake:2  | Received a gift from Trog
 32085 | Snake:2  | Killed Kirke
 32403 | Snake:2  | Noticed Aizul
 32424 | Snake:2  | Killed Aizul
 33699 | Snake:3  | Found a flickering gateway to a bazaar.
 33706 | Bazaar   | Entered a bazaar
 33706 | Bazaar   | Found Haniec's General Store.
 33706 | Bazaar   | Found Nirru's Assorted Antiques.
 33709 | Bazaar   | Found Riroqen's General Store.
 33714 | Bazaar   | Bought a potion of heal wounds for 150 gold pieces
 33724 | Bazaar   | Found Cugirrea's Assorted Antiques.
 33728 | Bazaar   | Bought a scroll of teleportation for 30 gold pieces
 33728 | Bazaar   | Bought a ration for 50 gold pieces
 33967 | Snake:3  | Reached XP level 18. HP: 145/171 MP: 22/22
 34789 | Snake:4  | Entered Level 4 of the Snake Pit
 35039 | Snake:4  | Received a gift from Trog
 35546 | Snake:4  | Noticed KristianNielsen's ghost (adept MiFi)
 35897 | Snake:4  | Killed KristianNielsen's ghost
 36369 | Snake:4  | HP: 8/173 [anaconda (4)]
 36377 | Snake:4  | HP: 4/173 [naga sharpshooter/bolt (13)]
 38270 | Snake:4  | Noticed dricus's ghost (adept MfSk)
 40462 | Snake:4  | Got a serpentine rune of Zot
 40753 | Vaults:1 | Entered Level 1 of the Vaults
 41105 | Vaults:1 | Found Morghis's Armour Boutique.
 41111 | Vaults:1 | Reached XP level 19. HP: 54/181 MP: 25/25
 41497 | Vaults:1 | Found Bunwesee's Magic Scroll Boutique.
 42048 | Vaults:1 | Received a gift from Trog
 43436 | Vaults:2 | Reached skill level 10 in Evocations
 44394 | Vaults:2 | Found a staircase to the Crypt.
 44394 | Vaults:2 | Found an ancient bone altar of Kikubaaqudgha.
 44395 | Vaults:2 | Found a basalt altar of Yredelemnul.
 44949 | Vaults:3 | Received a gift from Trog
 45059 | Vaults:3 | Found a flickering gateway to a bazaar.
 45064 | Bazaar   | Entered a bazaar
 45071 | Bazaar   | Found Pohoykue's Magic Scroll Shop.
 45087 | Bazaar   | Found Leniacu's Food Boutique.
 45095 | Bazaar   | Bought a ration for 50 gold pieces
 45095 | Bazaar   | Bought a ration for 50 gold pieces
 45095 | Bazaar   | Bought a ration for 50 gold pieces
 45095 | Bazaar   | Bought a ration for 50 gold pieces
 45095 | Bazaar   | Bought a ration for 50 gold pieces
 45095 | Bazaar   | Bought a ration for 50 gold pieces
 45095 | Bazaar   | Bought a ration for 50 gold pieces
 45095 | Bazaar   | Bought a ration for 50 gold pieces
 45095 | Bazaar   | Bought a ration for 50 gold pieces
 45095 | Bazaar   | Bought a ration for 50 gold pieces
 45119 | Bazaar   | Found Losmumix's Food Boutique.
 45151 | Bazaar   | Found Weesoc's Food Boutique.
 45167 | Bazaar   | Found Ijogobb's Antique Armour Shop.
 45292 | Vaults:3 | Noticed Xtahua
 45304 | Vaults:3 | Killed Xtahua
 46160 | Vaults:3 | Reached XP level 20. HP: 173/193 MP: 27/27
 46502 | Vaults:4 | Noticed Margery
 46523 | Vaults:4 | Killed Margery
 47096 | Vaults:4 | Noticed Jory
 47929 | Vaults:4 | Received a gift from Trog
 48715 | Vaults:4 | Received a gift from Trog
 48760 | Vaults:4 | Killed Jory
 49849 | Elf:1    | Entered Level 1 of the Elven Halls
 50102 | Elf:1    | Noticed Azrael
 50114 | Elf:1    | Killed Azrael
 50122 | Elf:1    | Received a gift from Trog
 50746 | Elf:1    | Found the +6 lightning scales {run, rElec}
 50754 | Elf:1    | Got a sparkling jade ring
 51033 | Elf:2    | Reached XP level 21. HP: 197/201 MP: 30/30
 51354 | Elf:2    | Reached skill level 1 in Stealth
 51592 | Elf:2    | Found a huge runed gate.
 51592 | Elf:2    | Found a huge runed gate.
 51592 | Elf:2    | Found a huge runed gate.
 51592 | Elf:2    | Found a huge runed gate.
 51594 | Elf:2    | Found a huge runed gate.
 52782 | Elf:3    | Entered Level 3 of the Elven Halls
 52789 | Elf:3    | Received a gift from Trog
 53157 | Elf:3    | Noticed Mara
 53170 | Elf:3    | Killed Mara
 54077 | Elf:3    | HP: 7/202 [deep elf blademaster/short sword (10)]
 54077 | Elf:3    | Slain by a deep elf blademaster

Vault maps used:
D:1:      minmay_arrival_jagged
D:2:      uniq_natasha, uniq_crazy_yiuf_cottage, uniq_sigmund
D:3:      lemuel_doored_altar, uniq_grinder
D:4:      nicolae_overflow_hidden_temple, first_ration
D:5:      minmay_temple_entry_statues_pillars
D:6:      basic_altar, uniq_menkaure
D:8:      minmay_the_grid_octo_tiled_squarecenter
D:9:      minitemple
D:10:     minmay_lair_entry_grove, orc_0_dummy, grunt_livestock
D:13:     grunt_vaults_entry_tiered
D:14:     infiniplex_staircase_zigzag_1
D:15:     gammafunk_enter_depths_forms, serial_shops, shop, uniq_sonja
Lair:1:   portal_ice_cave_rime, lemuel_oklob_altar
Lair:2:   dummy_snake_entry, lemuel_fruit_tree
Lair:3:   swamp_mist_pool, uniq_nergalle, uniq_rupert
Lair:4:   minivault_25, beast_lair_carwin_2, uniq_josephine
Lair:5:   dpeg_slime_entry_corner
Lair:6:   minmay_lair_end_enchanted_forest, eino_house_with_fridge
Swamp:1:  evilmike_swamp_ruin_house_1, swamp_pool2
Swamp:2:  serial_swamp_ruin, evilmike_swamp_ruin_rubble_1,
          evilmike_swamp_ruin_house_6, swamp_pool2, infiniplex_staircase_pool
Swamp:3:  hangedman_swamp_pad
Swamp:4:  swamp_alternative, uniq_bai_suzhen, uniq_jorgrun
Snake:1:  guppyfry_library_mini
Snake:2:  minmay_shoptagon, uniq_aizul, uniq_vashnia, uniq_kirke
Snake:3:  serial_shops, bzr_entry_customers
Snake:4:  johnstein_snake_rune_scales
Orc:2:    pf_orc_diabolical, serial_shops, nicolae_shop_waterfront
Elf:1:    elf_arrival_001, orc_legates, uniq_azrael
Elf:2:    minivault_11
Elf:3:    minmay_elf_hall_not_hex, lemuel_flame_loot_1, uniq_saint_roka,
          uniq_mara
Vaults:1: vaults_room_semicircle, ontoclasm_vaults_pinch,
          nicolae_vaults_network_square, dpeg_vaults_monster_box, v_pattern_1,
          v_misc_8, serial_shops, shop
Vaults:2: v_misc_33, v_misc_18, ontoclasm_vaults_twist,
          minmay_crypt_entry_necro_gods, v_misc_13,
          nicolae_vaults_stairing_the_circle, hangedman_vaults_locks, v_misc_18,
          v_rooms_6, ontoclasm_vaults_ligature
Vaults:3: vaults_mumra_lcd, nicolae_vaults_twisting_passages,
          nicolae_vaults_diagonal_hallway_6, v_rooms_3,
          ontoclasm_vaults_gallery, v_rooms_4, vaults_dpeg_diagonal,
          vaults_standard_mumra_lines, vaults_room_ringed_pool,
          vaults_room_pools, vaults_room_corners, vaults_dpeg_ring,
          vaults_room_door_ring, vaults_room_semicircle,
          nicolae_vaults_mini_display_case, serial_shops, bzr_entry_road,
          uniq_xtahua
Vaults:4: st_more_cells, nicolae_vaults_theta, v_misc_1,
          vaults_standard_mumra_enter_the_diamond, vaults_room_fancy_cross,
          v_pattern_3, ontoclasm_vaults_decontamination, vaults_dpeg_cross,
          nicolae_vaults_three_branches, v_misc_3, uniq_margery, uniq_jory
Abyss:3:  evilmike_abyss_rune_siren_acolytes
Abyss:4:  evilmike_abyss_rune_elephants_shrine, evilmike_abyss_exit_2,
          minivault_4
Bazaar:   bazaar_minmay_row, bazaar_minmay_snake
IceCv:    ice_cave_small_giant

Skill      XL: |  1  2  3  4  5  6  7  8  9 10 11 12 13 14 15 16 17 18 19 20 21 |
---------------+----------------------------------------------------------------+-----
Axes           | 4 5 6 7 9 10 12 14 15 17 18 19 | 19.9
Fighting       | 4 5 6 7 8 9 11 12 13 14 15 16 17 18 19 20 | 20.6
Armour         | 3 4 5 6 8 9 10 11 13 14 15 16 17 18 19 20 | 20.0
Dodging        | 3 4 5 6 7 8 9 11 12 13 14 15 16 17 18 20 | 20.0
Maces & Flails | 1 3 |  3.4
Evocations     | 4 7 9 10 13 14 | 14.2
Stealth        | 4 |  4.9

Action                   |  1- 3 |  4- 6 |  7- 9 | 10-12 | 13-15 | 16-18 | 19-21 || total
-------------------------+-------+-------+-------+-------+-------+-------+-------++-------
Melee: Hand axe          |    65 |    67 |   104 |   125 |       |       |       ||   361
       Headbutt          |    12 |     9 |    48 |   100 |   298 |   322 |   291 ||  1080
       Mace              |       |       |    73 |       |       |       |       ||    73
       War axe           |       |       |    93 |    96 |       |    37 |       ||   226
       Battleaxe         |       |       |       |   249 |  1069 |  1401 |  1043 ||  3762
       Dire flail        |       |       |       |    16 |     5 |    95 |       ||   116
       Executioner's axe |       |       |       |       |       |       |    65 ||    65
Throw: Tomahawk          |       |     2 |       |       |       |       |       ||     2
Invok: Berserk           |       |     1 |     4 |     1 |     5 |     4 |       ||    15
       Trog's Hand       |       |     1 |     1 |       |     6 |     7 |       ||    15
       Brothers in Arms  |       |       |       |     3 |    12 |    18 |     5 ||    38
 Abil: Evoke Flight      |       |       |       |     2 |       |       |       ||     2
Evoke: Lamp of fire      |       |       |       |       |     1 |     1 |       ||     2
  Use: Scroll            |       |       |    11 |    10 |    16 |    21 |     4 ||    62
       Potion            |       |       |       |       |     8 |     7 |     3 ||    18
 Stab: Distracted        |       |       |       |       |     2 |     2 |     2 ||     6
  Eat: Chunk             |     1 |     5 |    16 |    20 |    34 |    21 |    26 ||   123
       Ration            |       |       |     1 |       |     2 |    16 |     5 ||    24
Armor: Animal skin       |     4 |       |       |       |       |       |       ||     4
       Chain mail        |     8 |       |    39 |    45 |       |       |       ||    92
       Ring mail         |     3 |    20 |     6 |       |       |       |       ||    29
       Robe              |       |       |    34 |       |       |       |       ||    34
       Crystal plate arm |       |       |     1 |       |       |       |       ||     1
       Plate armour      |       |       |       |   250 |   481 |   942 |   446 ||  2119
Dodge: Dodged            |    36 |    28 |   171 |   382 |   772 |  1149 |   851 ||  3389
Block: Other             |       |       |    16 |     9 |       |       |       ||    25
       Reflection        |       |       |     2 |       |       |       |       ||     2

Table legend:
 A = Spawn XP
 B = Non-spawn XP
 C = Spawn XP percentage of total XP
 D = Spawn monster count
 E = Non-spawn monster count
 F = Spawn count percentage of total count
 G = Total turns spent on level
                    A         B        C        D         E        F      G
               +---------+---------+-------+---------+---------+-------+---------
         Total |   10123 |  637841 |   1.6 |      22 |    1647 |   1.3 | 54077
               +---------+---------+-------+---------+---------+-------+---------
           D:1 |       0 |      19 |   0.0 |       0 |       9 |   0.0 |   751
           D:2 |       0 |     437 |   0.0 |       0 |      33 |   0.0 |  1573
           D:3 |       0 |     433 |   0.0 |       0 |      29 |   0.0 |   822
           D:4 |       0 |     412 |   0.0 |       0 |      20 |   0.0 |  1313
           D:5 |       0 |     286 |   0.0 |       0 |      19 |   0.0 |   502
           D:6 |       0 |    1605 |   0.0 |       0 |      27 |   0.0 |   925
           D:7 |       0 |    1393 |   0.0 |       0 |      24 |   0.0 |  1218
           D:8 |       0 |    4904 |   0.0 |       0 |      51 |   0.0 |  1160
           D:9 |       0 |    1879 |   0.0 |       0 |      24 |   0.0 |  1063
          D:10 |       0 |    6246 |   0.0 |       0 |      54 |   0.0 |   782
          D:12 |       0 |    4568 |   0.0 |       0 |      16 |   0.0 |   843
          D:13 |       0 |   14862 |   0.0 |       0 |      58 |   0.0 |   876
          D:14 |       0 |   10137 |   0.0 |       0 |      35 |   0.0 |   919
          D:15 |       0 |   17935 |   0.0 |       0 |      51 |   0.0 |  1505
        Lair:1 |       0 |    4122 |   0.0 |       0 |      15 |   0.0 |   587
        Lair:2 |       0 |    5760 |   0.0 |       0 |      21 |   0.0 |  1290
        Lair:3 |       0 |    9232 |   0.0 |       0 |      30 |   0.0 |  1184
        Lair:4 |       0 |   10673 |   0.0 |       0 |      30 |   0.0 |   793
        Lair:5 |       0 |    4323 |   0.0 |       0 |      16 |   0.0 |   702
        Lair:6 |       0 |   18705 |   0.0 |       0 |      85 |   0.0 |  1106
       Swamp:1 |       0 |    7746 |   0.0 |       0 |      18 |   0.0 |   848
       Swamp:2 |       0 |   18145 |   0.0 |       0 |      43 |   0.0 |  2391
       Swamp:3 |       0 |   12585 |   0.0 |       0 |      31 |   0.0 |  2167
       Swamp:4 |       0 |   37072 |   0.0 |       0 |      59 |   0.0 |  1148
       Snake:1 |       0 |   11738 |   0.0 |       0 |      21 |   0.0 |  1228
       Snake:2 |       0 |   18212 |   0.0 |       0 |      29 |   0.0 |  1694
       Snake:3 |       0 |   24304 |   0.0 |       0 |      44 |   0.0 |  5765
       Snake:4 |       0 |   59355 |   0.0 |       0 |      94 |   0.0 |  1826
         Orc:1 |       0 |    7549 |   0.0 |       0 |      46 |   0.0 |   472
         Orc:2 |       0 |   21673 |   0.0 |       0 |     123 |   0.0 |  2209
         Elf:1 |       0 |   23997 |   0.0 |       0 |      52 |   0.0 |  1177
         Elf:2 |       0 |   31497 |   0.0 |       0 |      39 |   0.0 |  1756
         Elf:3 |       0 |   31985 |   0.0 |       0 |      35 |   0.0 |  1295
      Vaults:1 |       0 |   48409 |   0.0 |       0 |      81 |   0.0 |  2468
      Vaults:2 |       0 |   27998 |   0.0 |       0 |      49 |   0.0 |  1534
      Vaults:3 |       0 |   43799 |   0.0 |       0 |      59 |   0.0 |  2343
      Vaults:4 |       0 |   83077 |   0.0 |       0 |     131 |   0.0 |  2452
       Abyss:3 |   10123 |    3145 |  76.3 |      22 |      11 |  66.7 |   448
         IceCv |       0 |    7624 |   0.0 |       0 |      35 |   0.0 |   746
               +---------+---------+-------+---------+---------+-------+---------
